 Dungeon Crawl Stone Soup version 0.22-a0-75-g1fede22 (webtiles) character file.

23 KristoblXynda the Ducker (level 2, -2/17 HPs)
             Began as a Tengu Gladiator on Jan 12, 2018.
             Slain by Natasha (7 damage)
             ... on level 2 of the Dungeon.
             The game lasted 00:01:14 (973 turns).

KristoblXynda the Ducker (Tengu Gladiator)           Turns: 973, Time: 00:01:15

Health: -2/17      AC:  4    Str: 14    XL:     2   Next: 95%
Magic:  3/3        EV: 13    Int: 10    God:
Gold:   109        SH:  0    Dex: 15    Spells: 1/1 levels left

rFire    . . .     SeeInvis .   a - +0 long sword
rCold    . . .     Gourm    .   (no shield)
rNeg     . . .     Faith    .   b - +0 leather armour
rPois    .         Spirit   .   c - +0 hat
rElec    .         Reflect  .   (no cloak)
rCorr    .         Harm     .   m - +0 pair of gloves
MR       .....                  (boots unavailable)
Stlth    +.........             (no amulet)
HPRegen  0.05/turn              q - +2 ring of intelligence
MPRegen  0.08/turn              (no ring)

@: slowed, very slow
A: beak, talons 3
a: no special abilities


You were on level 2 of the Dungeon.
You were not hungry.

You visited 1 branch of the dungeon, and saw 2 of its levels.

You collected 109 gold pieces.

Inventory:

Hand Weapons
 a - a +0 long sword (weapon)
Missiles
 d - 3 throwing nets (quivered)
Armour
 b - a +0 leather armour (worn)
 c - a +0 hat (worn)
 m - a +0 pair of gloves (worn)
Jewellery
 k - an uncursed amulet of faith {unknown}
 q - a +2 ring of intelligence (left hand)
Scrolls
 h - a scroll of amnesia
 j - a scroll of fog {unknown}
 n - a scroll of identify {unknown}
 o - a scroll of fear {unknown}
 p - a scroll of magic mapping {unknown}
Potions
 e - a potion of heal wounds
 g - a potion of lignification {unknown}
 i - a potion of cancellation {unknown}
 l - a potion of agility {unknown}
Comestibles
 f - 4 rations


   Skills:
 - Level 2.0 Fighting
 + Level 3.7 Long Blades
 - Level 2.0 Throwing
 + Level 1.3 Armour
 + Level 3.7 Dodging


You had one spell level left.
You didn't know any spells.

Dungeon Overview and Level Annotations

Branches:
Dungeon (2/15)

Altars:

Annotations:
D:2 Natasha


Innate Abilities, Weirdness & Mutations

You have a beak for a mouth.
You have claws for feet.


Message History

You miss something. You claw something. Something claws you.
You hear some strange, mumbled words.
A magic dart appears from out of thin air!
The magic dart hits you!
You miss something. You claw something. Your peck misses something.
Something claws you but does no damage.
You hear some strange, mumbled words.
You miss something. You claw something. You peck something.
You hear some strange, mumbled words.
You feel as though you will be slow longer.
The crimson imp blinks!
You closely miss something. Your kick misses something.
You hear some strange, mumbled words.
A magic dart appears from out of thin air!
The magic dart hits you!
* * * LOW HITPOINT WARNING * * *
Something barely misses you.
You closely miss something. You claw something. Your peck misses something.
Something claws you!
You die...

............###....####.
............# ##........
............# #...####.
####...###### #.###
#...# #.# #>..# #.#
#...# #.# #).. ######.#
## #.....@# #.####.{.#
#5#...# #.##..... ..#
##### ..# ..# .#.#


You could see a crimson imp.

Vanquished Creatures
  A worm (D:2)
  2 ball pythons (D:1)
  A giant cockroach (D:1)
  3 goblins
  2 hobgoblins (D:1)
  3 kobolds
  A bat (D:1)
  4 frilled lizards
  3 rats
20 creatures vanquished.

Notes
Turn   | Place    | Note
-------+----------+-------------------------------------------
     0 | D:1      | KristoblXynda the Tengu Gladiator began the quest for the Orb.
     0 | D:1      | Reached XP level 1. HP: 12/12 MP: 2/2
   334 | D:1      | Reached XP level 2. HP: 17/17 MP: 3/3
   439 | D:1      | Reached skill level 1 in Armour
   961 | D:2      | Noticed Natasha
   971 | D:2      | Noticed a crimson imp
   973 | D:2      | Slain by Natasha

Vault maps used:
D:1:      lightli_iron_boxes
D:2:      first_ration, xom_teletrap_fun, uniq_natasha

Skill      XL: |  1  2 |
---------------+-------+-----
Armour         | 1 |  1.3
Fighting       | |  2.0
Long Blades    | |  3.7
Throwing       | |  2.0
Dodging        | |  3.7

Action                   || total
-------------------------++-------
Melee: Long sword        ||    44
       Kick              ||    13
       Peck              ||     2
  Use: Scroll            ||     1
       Potion            ||     1
 Stab: Sleeping          ||     1
Armor: Leather armour    ||     4
Dodge: Dodged            ||    21
       Rpst.: Long sword ||     5

Table legend:
 A = Spawn XP
 B = Non-spawn XP
 C = Spawn XP percentage of total XP
 D = Spawn monster count
 E = Non-spawn monster count
 F = Spawn count percentage of total count
 G = Total turns spent on level
                    A         B        C        D         E        F      G
               +---------+---------+-------+---------+---------+-------+---------
         Total |       0 |      33 |   0.0 |       0 |      20 |   0.0 |   973
               +---------+---------+-------+---------+---------+-------+---------
           D:1 |       0 |      18 |   0.0 |       0 |      11 |   0.0 |   594
           D:2 |       0 |      15 |   0.0 |       0 |       9 |   0.0 |   379
               +---------+---------+-------+---------+---------+-------+---------
